 Dungeon Crawl Stone Soup version 0.31-a0-986-g5e6e4ef867 (webtiles) character file.

Game seed: 8114316320348876750

38 timneilson the Shield-Bearer (level 3, -4/23 HPs)
             Began as a Gargoyle Fighter on Nov 12, 2023.
             Slain by Terence
             ... wielding a +0 flail
              (8 damage)
             ... on level 2 of the Dungeon.
             The game lasted 00:01:33 (1093 turns).

timneilson the Shield-Bearer (Gargoyle Fighter)     Turns: 1093, Time: 00:01:33

Health: -4/23      AC: 10    Str: 27    XL:     3   Next: 43%
Magic:  3/3        EV:  9    Int:  8    God:
Gold:   118        SH:  4    Dex:  9    Spells: 2/2 levels left

rFire   . . .        a - +0 long sword
rCold   . . .        c - +0 buckler
rNeg    + + .        b - +0 scale mail
rPois   ∞            (no helmet)
rElec   +            (no cloak)
rCorr   .            (no gloves)
SInv    .            (no boots)
Will    .....        (no amulet) Stlth
                     i - ring of positive energy
HPRegen 0.23/turn    m - +6 ring of strength
MPRegen 0.08/turn

%: no passive effects
@: no status effects
A: sickness immunity, AC +3, negative energy resistance 1, electricity
resistance, torment resistance 1, petrification resistance
a: no special abilities


You were on level 2 of the Dungeon.
You visited 1 branch of the dungeon, and saw 2 of its levels.

You collected 118 gold pieces.

Inventory:

Hand Weapons
 a - a +0 long sword (weapon)
Armour
 b - a +0 scale mail (worn)
 c - a +0 buckler (worn)
Jewellery
 i - a ring of positive energy (left hand)
 l - a ring of ice
 m - a +6 ring of strength (right hand)
Scrolls
 f - a scroll of fog
 h - a scroll of fear {unknown}
 n - a scroll of teleportation
 p - a scroll of identify
Potions
 d - a potion of might
 e - a potion of heal wounds
 g - a potion of resistance
 j - a potion of magic
 k - a potion of degeneration {unknown}
 o - a potion of lignification {unknown}


   Skills:
 + Level 3.5 Fighting
 * Level 2.2 Long Blades
 * Level 3.7 Armour
 + Level 0.4 Dodging
 * Level 3.7 Shields


You had 2 spell levels left.
You didn't know any spells.
Your spell library contained the following spells:

 Spells                   Type           Power      Damage    Failure   Level
 Slow                     Hex            0%         N/A       75%         1
 Jinxbite                 Hex            0%         N/A       86%         2
 Confusing Touch          Hex            0%         N/A       98%         3
 Irradiate                Conj/Tmut      0%         3d11      100%        5


Dungeon Overview and Level Annotations

Branches:
Dungeon (2/15)

Altars:

Annotations:
D:2 Terence


Innate Abilities, Weirdness & Mutations

You are immune to sickness and miasma.
Your stone body is resilient. (AC +3)
You are immune to poison.
You resist negative energy. (rN+)
You are resistant to electric shocks. (rElec)
You are resistant to unholy torment.
You are immune to petrification.


Message History

No target in view!
No target in view!
No target in view!
No target in view!
No target in view!
No target in view!
No target in view!
No target in view!
No target in view!
No target in view!
No target in view!
You see here a giant cockroach corpse.
Terence the Incautious comes into view.
He is wielding a +0 flail.
Terence shouts!
Terence screams, "I want your blood!"
Terence says, "Don't bother to defend, it's useless."
Terence misses you.
You hit Terence.
Terence is lightly wounded.
Terence hits you but does no damage.
You hit Terence.
Terence is moderately wounded.
Terence hits you with a +0 flail. Terence hits you with a +0 flail!
You hit Terence.
Terence is moderately wounded.
Terence barely misses you.
You barely miss Terence.
Terence is moderately wounded.
Terence hits you with a +0 flail.
You closely miss Terence.
Terence is moderately wounded.
Terence hits you with a +0 flail. Terence hits you with a +0 flail!
* * * LOW HITPOINT WARNING * * *
You closely miss Terence.
Terence is moderately wounded.
Terence closely misses you.
You hit Terence but do no damage.
Terence is moderately wounded.
Terence hits you with a +0 flail!
You die...

#.##...†.)....##.# #.#
#.##.#.#########.# #.#
#.##.#.# #.# #.#
#.##.#.# #.# #.#
#.##.#.# #.# #.#
#.##.#.#########.#####.#
#.##................#
#.##................#
#.##............@...#
#.##............@...#
#.##................#
#.##................+
#.##................#
....................#
#...#...............#
#...#...............#
+...##.#######


You could see Terence.

Vanquished Creatures
  A ball python (D:1)
  An endoplasm (D:1)
  4 giant cockroaches (D:2)
  2 goblins (D:1)
  6 hobgoblins (D:1)
  3 quokkas (D:1)
  3 bats (D:1)
  2 frilled lizards (D:1)
  4 kobolds
  8 rats
  A spectral kobold (D:1)
35 creatures vanquished.

Notes
Turn   | Place    | Note
-------+----------+-------------------------------------------
     0 | D:1      | timneilson the Gargoyle Fighter began the quest for the
                  | Orb.
     0 | D:1      | Reached XP level 1. HP: 14/14 MP: 1/1
    56 | D:1      | Reached XP level 2. HP: 18/19 MP: 2/2
   485 | D:1      | Reached XP level 3. HP: 23/23 MP: 3/3
   840 | D:1      | Found a faded altar of an unknown god.
   864 | D:2      | Identified the "Xirypnal"
  1083 | D:2      | Noticed Terence
  1093 | D:2      | Slain by Terence

Illustrated notes

Levels and vault maps discovered:
D:1:      minmay_arrival_glassed_features, layout_basic,
          dreamdust_ecumenical_altar_drowned_temple, minmay_three_crescents
D:2:      layout_basic, serial_shops, shop, minmay_worlds_worst_comb,
          uniq_terence

Skill      XL: |  1  2 |
---------------+-------+-----
Long Blades    | 2 |  2.2
Fighting       | |  3.5
Armour         | |  3.7
Dodging        | |  0.4
Shields        | |  3.7

Action                     || total
---------------------------++-------
  Melee: Long sword        ||   129
    Use: Scroll            ||     5
 Armour: Scale mail        ||   101
  Dodge: Dodged            ||    71
  Block: Buckler           ||    26

Table legend: (Time is in decaauts)
 A = Elapsed time spent in this place.
 B = Non-inter-level travel time spent in this place.
 C = Inter-level travel time spent in this place.
 D = Time resting spent in this place.
 E = Time spent auto-exploring this place.
 F = Levels seen in this place.
 G = Mean time per level.
                   A        B        C        D        E       F      G
               +--------+--------+--------+--------+--------+-----+--------+
         Total |   1136 |   1128 |      8 |      0 |    849 |   2 |  568.0 |
       Dungeon |   1136 |   1128 |      8 |      0 |    849 |   2 |  568.0 |
               +--------+--------+--------+--------+--------+-----+--------+

Top non-repeatable levels by time:
     D:1: 897 daAuts
     D:2: 239 daAuts
